 Dungeon Crawl Stone Soup version 0.29-a0-1009-g60c99734e7 (webtiles) character file.

Game seed: 10964664949113810790

42 spaghetti the Cutter (level 3, -4/29 HPs)
             Began as a Demonspawn Chaos Knight on Aug 9, 2022.
             Was a Plaything of Xom.
             Slain by a gnoll
             ... wielding a +0 flail
              (5 damage)
             ... on level 2 of the Dungeon.
             The game lasted 00:01:45 (1198 turns).

spaghetti the Cutter (Demonspawn Chaos Knight)      Turns: 1198, Time: 00:01:46

Health: -4/29      AC:  6    Str: 12    XL:     3   Next: 35%
Magic:  3/3        EV: 11    Int: 13    God:    Xom [...*..]
Gold:   98         SH:  0    Dex: 14    Spells: 2/2 levels left

rFire   + . .      SeeInvis .   m - +6 rapier of Xiybykk {chaos, rF+ rC++, short}
rCold   + + +      Faith    .   (no shield)
rNeg    . . .      Spirit   .   b - +2 leather armour
rPois   .          Reflect  .   (no helmet)
rElec   .          Harm     .   j - +0 cloak
rCorr   .          Rampage  .   (no gloves)
Will    .....                   (no boots)
Stlth   ++........              (no amulet)
HPRegen 0.09/turn               n - ring of protection from cold
MPRegen 0.08/turn               (no ring)

@: attractive
A: ignite blood 2
a: Renounce Religion


You were on level 2 of the Dungeon.
You worshipped Xom.
You were a favourite toy of Xom.
You visited 1 branch of the dungeon, and saw 2 of its levels.

You collected 98 gold pieces.


Innate Abilities, Weirdness & Mutations

Your demonic aura often causes spilled blood to erupt in flames.


   Skills:
 - Level 3.0 Fighting
 + Level 3.2 Short Blades
 - Level 1.7 Armour
 - Level 0.8 Dodging
 - Level 2.2 Stealth


You had 2 spell levels left.
You didn't know any spells.
Your spell library was empty.

Inventory:

Hand Weapons
 a - a +0 short sword of chaos {short}
 m - the +6 rapier of Xiybykk (weapon) {chaos, rF+ rC++, short}
   (Xom gifted it to you on level 1 of the Dungeon)

   Each time it hits an enemy it has a different, random effect.
   rF:        It protects you from fire.
   rC:        It greatly protects you from cold.
Missiles
 f - 4 poisoned darts (quivered) {throwing}
Armour
 b - a +2 leather armour (worn)
 j - a +0 cloak (worn)
   (You found it on level 1 of the Dungeon)
Jewellery
 n - a ring of protection from cold (left hand)
   (You found it on level 2 of the Dungeon)
Scrolls
 e - a scroll of magic mapping {unknown}
 g - a scroll of identify {unknown}
 h - a scroll of teleportation {unknown}
 i - a scroll of vulnerability {unknown}
Potions
 d - a potion of degeneration {unknown}
 l - a potion of brilliance {unknown}
 o - a potion of haste {unknown}
 p - a potion of resistance {unknown}
Miscellaneous
 c - a piece from Xom's chessboard (15/15)

Dungeon Overview and Level Annotations

Branches:
Dungeon (2/15) Zot: 10799

Altars:

#####
#...##########
+.....@gg.....
#....#########
#....#######
+...........
#....######
####.# #.# #.#
#.#


You could see 2 gnolls.


Message History

No target in view!
No target in view!
No target in view!
No target in view!
No target in view!
The adder hisses angrily.
You puncture the adder! The adder bites you but does no damage.
The adder misses you.
You hit the adder.
The adder seems to slow down.
You freeze the adder. You closely miss the adder.
The adder bites you but does no damage.
You closely miss the adder. The adder bites you but does no damage.
You puncture the adder!
You kill the adder!
Your Short Blades skill increases to level 3!
You have reached level 3!
Your experience leads to an increase in your attributes!
Increase (S)trength, (I)ntelligence, or (D)exterity?
You feel agile. x2; Your demonic ancestry asserts itself...
Your blood runs red-hot!
Xom is amused. 😎 HP[+5] MP[+1]
You now have 29 max hp (+5).
Your hp is fully restored (29).
Your mp is fully restored (3).
You now have 85 gold pieces (gained 14).
There is a stone staircase leading up here.
You see here a hobgoblin corpse.
Found a stone staircase leading down.
f - 4 poisoned darts {throwing}
n - a ring of protection from cold
Found a stone staircase leading up.
o - a brown potion You enter the shallow water.
Moving in this stuff is going to be slow.
A goblin comes into view. It is wielding a +0 dagger.
The goblin shouts!
A goblin is nearby!
n - a ring of protection from cold (left hand)
Found an escape hatch in the ceiling.
You see here a +0 club {mace}.
You closely miss the goblin. The goblin hits you but does no damage.
You barely miss the goblin. The goblin hits you but does no damage.
You puncture the goblin!
You kill the goblin!
No target in view!
No target in view!
No target in view!
No target in view!
No target in view!
No target in view!
No target in view!
No target in view!
No target in view!
No target in view!
No target in view!
You now have 98 gold pieces (gained 13).
You enter the shallow water.
Moving in this stuff is going to be slow.
You open the door. You open the door.
There is an open door here.
Found an escape hatch in the floor.
Key pressed, stopping explore.
p - a sedimented grey potion A gnoll comes into view.
It is wielding a +0 spear.
A gnoll comes into view. It is wielding a +0 flail.
A gnoll comes into view. It is wielding a +0 spear.
The gnoll shouts!
You hit the gnoll. You freeze the gnoll.
The gnoll hits you with a +0 spear. 😕 HP[-6]
You take 6 damage, and now have 23/29 hp.
MASSIVE DAMAGE!! (PAUSE)
You hit the gnoll.
The gnoll hits you with a +0 spear. 😮 HP[-5]
You take 5 damage, and now have 18/29 hp.
You barely miss the gnoll.
The gnoll hits you with a +0 spear. 😮 HP[-3]
You take 3 damage, and now have 15/29 hp.
You hit the gnoll but do no damage. The gnoll hits you with a +0 spear.
* * * LOW HITPOINT WARNING * * *
😨 HP[-4]
You take 4 damage, and now have 11/29 hp.
You barely miss the gnoll. The gnoll hits you with a +0 spear.
* * * LOW HITPOINT WARNING * * *
You hit the gnoll.
You kill the gnoll!
You hit the gnoll.
The gnoll is poisoned.
The gnoll hits you with a +0 flail.
* * * LOW HITPOINT WARNING * * *
😨 HP[-1]
You take 1 damage, and now have 10/29 hp.
You barely miss the gnoll. The gnoll hits you with a +0 flail!
* * * LOW HITPOINT WARNING * * *
The gnoll hits you but does no damage. 😱 HP[-9]
You take 9 damage, and now have 1/29 hp.
MASSIVE DAMAGE!! (PAUSE) It was a potion of attraction.
You feel attractive to monsters.
Xom thinks this is hilarious!
The gnoll hits you with a +0 flail.
You die...

Skill      XL: |  1  2 |
---------------+-------+-----
Stealth        | 1 2 |  2.2
Short Blades   | 3 |  3.2
Fighting       | |  3.0
Armour         | |  1.7
Dodging        | |  0.8

Action                   || total
-------------------------++-------
Melee: Short sword       ||    34
       Rapier            ||    17
       Punch             ||     1
Throw: Stone             ||    11
  Use: Potion            ||     1
 Stab: Sleeping          ||     3
Armor: Leather armour    ||    15
Dodge: Dodged            ||    13

Levels and vault maps discovered:
D:1:      dpeg_arrival_connections, layout_loops_corners, minmay_tetromino_s4
D:2:      layout_basic, basic_altar, guppyfry_early_lair_pool, uniq_natasha

Notes
Turn   | Place    | Note
-------+----------+-------------------------------------------
     0 | D:1      | spaghetti the Demonspawn Chaos Knight began the quest for
                  | the Orb.
     0 | D:1      | Reached XP level 1. HP: 18/18 MP: 1/1
     0 | D:1      | magus.rc [v1.9.6]
   276 | D:1      | Reached skill level 1 in Stealth
   435 | D:1      | Gained mutation: Your demonic aura sometimes causes spilled
                  | blood to erupt in flames. [demonic ancestry]
   435 | D:1      | Reached XP level 2. HP: 24/24 MP: 2/2
   747 | D:1      | Reached skill level 2 in Stealth
  1050 | D:1      | Identified the +6 rapier of Xiybykk {vorpal, rF+ rC++} (Xom
                  | gifted it to you on level 1 of the Dungeon)
  1050 | D:1      | XOM: god gift: +6 rapier of Xiybykk {chaos, rF+ rC++}
  1102 | D:2      | Reached skill level 3 in Short Blades
  1102 | D:2      | Gained mutation: Your demonic aura often causes spilled
                  | blood to erupt in flames. [demonic ancestry]
  1102 | D:2      | Reached XP level 3. HP: 29/29 MP: 3/3
  1197 | D:2      | HP: 1/29 [gnoll/+0 flail (9)]
  1198 | D:2      | Slain by a gnoll

Vanquished Creatures
  A gnoll (D:2)
  An adder (D:2)
  A dart slug (D:1)
  A bat (D:1)
  An endoplasm (D:1)
  3 goblins
  3 hobgoblins
  3 jackals (D:1)
  3 ball pythons (D:1)
  A kobold (D:1)
  A rat (D:1)
19 creatures vanquished.

Table legend:
 A = Non-vault XP
 B = Vault XP
 C = Vault XP percentage of total XP
 D = Non-vault monster count
 E = Vault monster count
 F = Vault count percentage of total count
                 A         B        C        D         E       F
            +---------+---------+-------+---------+---------+-------
      Total |      59 |       2 |   3.3 |      18 |       1 |   5.3
            +---------+---------+-------+---------+---------+-------
        D:1 |      26 |       2 |   7.1 |      14 |       1 |   6.7
        D:2 |      33 |       0 |   0.0 |       4 |       0 |   0.0
            +---------+---------+-------+---------+---------+-------

Illustrated notes

Table legend:
 A = Kills in this place as a percentage of kills in entire the game.
 B = Kills by you in this place as a percentage of kills by you in the entire game.
 C = Kills by friends in this place as a percentage of kills by friends in the entire game.
 D = Other kills in this place as a percentage of other kills in the entire game.
 E = Experience gained in this place as a percentage of experience gained in the entire game.
 F = Experience gained in this place divided by the number of levels of this place that you have seen.
                   A       B       C       D       E      F
               +-------+-------+-------+-------+-------+----------------------
         Total | 100.0 | 100.0 |   N/A |   N/A | 100.0 |  30.5
       Dungeon | 100.0 | 100.0 |   N/A |   N/A | 100.0 |  30.5
               +-------+-------+-------+-------+-------+----------------------

Table legend: (Time is in decaauts)
 A = Elapsed time spent in this place.
 B = Non-inter-level travel time spent in this place.
 C = Inter-level travel time spent in this place.
 D = Time resting spent in this place.
 E = Time spent auto-exploring this place.
 F = Levels seen in this place.
 G = Mean time per level.
                   A        B        C        D        E       F      G
               +--------+--------+--------+--------+--------+-----+--------+
         Total |   1199 |   1184 |     15 |      0 |   1030 |   2 |  599.5 |
       Dungeon |   1199 |   1184 |     15 |      0 |   1030 |   2 |  599.5 |
               +--------+--------+--------+--------+--------+-----+--------+

Top non-repeatable levels by time:
     D:1: 1086 daAuts
     D:2: 113 daAuts
